 Dungeon Crawl Stone Soup version 0.22.1-2-g9c5b331 (webtiles) character file.

6688 kae the Basher (level 10, -1/94 HPs)
             Began as a Minotaur Fighter on Jan 2, 2019.
             Was a Believer of Makhleb.
             Succumbed to Sonja's curare-tipped needle
             ... on level 10 of the Dungeon.
             The game lasted 00:14:20 (11130 turns).

kae the Basher (Minotaur Fighter)                  Turns: 11130, Time: 00:14:21

Health: -1/94      AC: 12    Str: 21    XL:     10   Next: 73%
Magic:  14/14      EV:  7    Int:  7    God:    Makhleb [**....]
Gold:   441        SH:  9    Dex: 11    Spells: 9/9 levels left

rFire    + . .     SeeInvis .   u - +3 whip (flame)
rCold    + + .     Gourm    .   c - +0 shield
rNeg     + . .     Faith    .   b - +0 scale mail
rPois    +         Spirit   .   p - +1 hat
rElec    +         Reflect  .   y - +0 cloak
rCorr    +         Harm     .   (no gloves)
MR       .....                  j - +2 pair of boots {Fly}
Stlth    ..........             (no amulet)
HPRegen  0.25/turn              g - ring of protection from cold
MPRegen  0.14/turn              k - ring of positive energy

@: lethally poisoned (-1 -> -7), resistant, flying, slowed, very slow
A: retaliatory headbutt, horns 2
a: Minor Destruction, Renounce Religion, Stop Flying


You were on level 10 of the Dungeon.
You worshipped Makhleb.
Makhleb was pleased with you.
You were not hungry.

You visited 2 branches of the dungeon, and saw 11 of its levels.

You collected 441 gold pieces.

Inventory:

Hand Weapons
 a - a +0 flail
 u - a +3 whip of flaming (weapon)
Armour
 b - a +0 scale mail (worn)
 c - a +0 shield (worn)
 j - a +2 pair of boots of flying (worn)
 p - a +1 hat (worn)
 y - a +0 cloak (worn)
Jewellery
 g - a ring of protection from cold (left hand)
 k - a ring of positive energy (right hand)
 r - an uncursed ring of stealth
Wands
 m - a wand of iceblast (6)
 s - a wand of polymorph (1)
 z - a wand of acid (7)
Scrolls
 h - 2 scrolls of remove curse
 o - 7 scrolls of amnesia
 w - a scroll of enchant armour
Potions
 d - a potion of might
 i - 2 potions of ambrosia
 l - 3 potions of mutation
 q - 4 potions of brilliance
 C - a potion of degeneration {unknown}
Comestibles
 f - 12 rations
 n - 2 chunks of flesh


   Skills:
 + Level 10.8 Fighting
 * Level 14.1 Maces & Flails
 - Level 3.6 Armour
 - Level 3.6 Shields
 + Level 6.9 Invocations


You had 9 spell levels left.
You didn't know any spells.
Your spell library contained the following spells:

 Spells                   Type           Power        Failure   Level  Hunger
 Animate Skeleton         Necr           N/A          99%         1    ##.....
 Apportation              Tloc           #.....       99%         1    ##.....
 Confusing Touch          Hex            #.....       99%         1    ##.....
 Summon Small Mammal      Summ           #...         99%         1    ##.....


Dungeon Overview and Level Annotations

Branches:
Dungeon (10/15)            Temple (1/1) D:6            Lair (0/6) D:8
    Orc (0/2) D:9

Altars:
Ashenzari
Cheibriados
Dithmenos
Elyvilon
Gozag
Hepliaklqana
Kikubaaqudgha
Makhleb
Nemelex Xobeh
Okawaru
Qazlal
Ru
Sif Muna
Trog
Uskayaw
Vehumet
Wu Jian
Yredelemnul
Zin
The Shining One

Shops:
D:6 (

Annotations:
D:8 1 runed door, systemy's ghost, novice MiBe
D:10 Sonja


Innate Abilities, Weirdness & Mutations

You reflexively headbutt those who attack you in melee.
You have a pair of horns on your head.


Message History

You closely miss Sonja.
Sonja is severely wounded.
You feel sick. Sonja blocks your hellwing's attack.
Your hellwing hits Sonja but does no damage.
Sonja hits you with an uncursed short sword of distortion.
* * * LOW HITPOINT WARNING * * *
Space warps horribly around you!
* * * LOW HITPOINT WARNING * * *
Sonja hits you with an uncursed short sword of distortion.
* * * LOW HITPOINT WARNING * * *
You blink.
* * * LOW HITPOINT WARNING * * *
You feel sick.
Sonja mumbles some strange words.
Sonja looks slightly unstable.
Your hellwing completely misses Sonja. x2
Sonja hits your hellwing but does no damage.
Your hellwing disappears!
Unknown command.
You feel protected.
You die...

.....#..........(.## ...
.................## #....
..................###.....
...................#......
.......)...W..............
.............§O...........
.............K............
#.........................
##......<@........[.......
##...........)([[........
##.......$.(<<<[........
#######################


You could see a phantom, Sonja and an ogre.

Vanquished Creatures
  A two-headed ogre (D:9)
  2 hornets
  Prince Ribbit (D:6)
  A hippogriff (D:8)
  A vampire (D:9)
  5 yaks
  A spriggan (D:6)
  A wyvern (D:8)
  Eustachio (D:6)
  Grum (D:10)
  A steam dragon (D:9)
  A soldier ant (D:6)
  Menkaure (D:7)
  An orc warrior (D:9)
  2 ice beasts
  2 slaves (D:6)
  A phantom (D:5)
  A black bear (D:8)
  4 wolves
  3 ogres
  5 centaurs
  7 bullfrogs
  A water moccasin zombie (D:10)
  3 scorpions
  3 killer bees
  A howler monkey (D:6)
  A bullfrog zombie (D:5)
  A centaur zombie (D:7)
  3 crimson imps
  4 hounds
  4 orc priests
  2 jellies
  A bullfrog skeleton (D:5)
  An iguana (D:6)
  8 orc wizards
  10 worker ants
  A howler monkey zombie (D:7)
  8 adders
  A shadow imp (D:9)
  2 oozes (D:1)
  4 adder skeletons
  3 worms (D:3)
  3 dart slugs
  3 leopard geckos
  35 orcs
  11 giant cockroaches
  6 goblins
  10 hobgoblins
  7 jackals
  5 quokkas
  2 ball pythons
  A ball python skeleton (D:6)
  9 bats
  3 frilled lizards
  A giant cockroach zombie (D:5)
  A jackal skeleton (D:9)
  9 kobolds
  12 rats
  3 butterflies (D:6)
227 creatures vanquished.

Vanquished Creatures (others)
  A slave (D:6)
  An adder (D:6)
2 creatures vanquished.

Grand Total: 229 creatures vanquished

Notes
Turn   | Place    | Note
-------+----------+-------------------------------------------
     0 | D:1      | kae the Minotaur Fighter began the quest for the Orb.
     0 | D:1      | Reached XP level 1. HP: 19/19 MP: 0/0
    45 | D:1      | Reached skill level 3 in Maces & Flails
    45 | D:1      | Reached XP level 2. HP: 21/27 MP: 1/1
   522 | D:1      | Reached XP level 3. HP: 30/33 MP: 2/2
   851 | D:1      | Reached skill level 4 in Maces & Flails
  1652 | D:2      | Reached XP level 4. HP: 39/41 MP: 3/3
  2381 | D:3      | Reached skill level 5 in Maces & Flails
  2991 | D:4      | Reached XP level 5. HP: 47/47 MP: 4/4
  3006 | D:4      | Reached skill level 5 in Fighting
  3202 | D:4      | Noticed an ogre
  3208 | D:4      | Killed an ogre
  3208 | D:4      | Reached skill level 6 in Maces & Flails
  3208 | D:4      | Reached XP level 6. HP: 56/56 MP: 5/5
  3899 | D:5      | Entered Level 5 of the Dungeon
  3963 | D:5      | Reached skill level 7 in Maces & Flails
  4248 | D:5      | Reached XP level 7. HP: 14/63 MP: 6/6
  4582 | D:5      | Reached skill level 8 in Maces & Flails
  4798 | D:6      | Noticed Prince Ribbit
  5301 | D:6      | Found a staircase to the Ecumenical Temple.
  5343 | Temple   | Entered the Ecumenical Temple
  5467 | Temple   | Became a worshipper of Makhleb the Destroyer
  5499 | D:6      | Found Uqyab's Antique Weapon Emporium.
  5508 | D:6      | Reached skill level 9 in Maces & Flails
  5515 | D:6      | Noticed Pikel
  5518 | D:6      | Noticed Pikel
  5518 | D:6      | Pikel changed into Pikel the spriggan
  5530 | D:6      | Killed Pikel the spriggan
  5530 | D:6      | Reached skill level 1 in Invocations
  5530 | D:6      | Reached XP level 8. HP: 64/73 MP: 6/8
  5619 | D:6      | Noticed Eustachio
  5651 | D:6      | Killed Eustachio
  5784 | D:6      | Killed Prince Ribbit
  5784 | D:6      | Reached skill level 10 in Maces & Flails
  6022 | D:6      | Found a runed door.
  6034 | D:6      | Found a runed door.
  6605 | D:6      | Reached skill level 11 in Maces & Flails
  6605 | D:6      | Reached XP level 9. HP: 56/82 MP: 10/10
  6756 | D:6      | Reached * piety under Makhleb
  7234 | D:7      | Noticed Menkaure
  7243 | D:7      | Killed Menkaure
  7243 | D:7      | Reached skill level 12 in Maces & Flails
  7542 | D:7      | Found an iron altar of Okawaru.
  7542 | D:7      | Found a shadowy altar of Dithmenos.
  7667 | D:7      | Reached skill level 5 in Invocations
  7946 | D:8      | Found a runed door.
  7946 | D:8      | Noticed systemy's ghost (novice MiBe)
  8052 | D:8      | Found a hazy altar of Hepliaklqana.
  8056 | D:8      | Found a glowing golden altar of the Shining One.
  8143 | D:8      | Paralysed by a hornet for 2 turns
  8146 | D:8      | Reached XP level 10. HP: 57/93 MP: 13/13
  8583 | D:8      | Found a staircase to the Lair.
  8854 | D:9      | Reached ** piety under Makhleb
  8854 | D:9      | Reached skill level 10 in Fighting
  8854 | D:9      | Reached skill level 13 in Maces & Flails
  8905 | D:9      | Noticed a two-headed ogre
  8911 | D:9      | Killed a two-headed ogre
  9364 | D:9      | Found a staircase to the Orcish Mines.
  9634 | D:10     | Entered Level 10 of the Dungeon
  9717 | D:10     | Noticed Sonja
 10481 | D:10     | Noticed Grum
 10505 | D:10     | Killed Grum
 10821 | D:10     | Reached *** piety under Makhleb
 10821 | D:10     | Reached skill level 14 in Maces & Flails
 11128 | D:10     | HP: 4/94 [Sonja/uncursed short sword of distortion (14)]
 11128 | D:10     | HP: 1/94 [Sonja/uncursed short sword of distortion (3)]
 11130 | D:10     | Succumbed to Sonja's curare-tipped needle

Skill      XL: |  1  2  3  4  5  6  7  8  9 10 |
---------------+-------------------------------+-----
Maces & Flails | 3 4 5 6 7 9 11 12 14 | 14.1
Fighting       | 4 5 6 7 8 9 10 | 10.8
Invocations    | 1 3 5 6 |  6.9
Armour         | |  3.6
Shields        | |  3.6

Action                   |  1- 3 |  4- 6 |  7- 9 | 10-12 || total
-------------------------+-------+-------+-------+-------++-------
Melee: Flail             |   106 |   135 |    88 |       ||   329
       Headbutt          |    13 |    26 |    75 |    43 ||   157
       Whip              |       |       |   321 |   271 ||   592
Invok: Minor Destruction |       |       |       |     3 ||     3
       Lesser Servant of |       |       |       |     2 ||     2
Evoke: Wand              |       |       |     3 |     8 ||    11
  Use: Scroll            |       |    12 |     2 |     6 ||    20
       Potion            |       |     1 |     2 |     3 ||     6
  Eat: Chunk             |     2 |     5 |    13 |     9 ||    29
       Ration            |       |     1 |       |       ||     1
Armor: Scale mail        |    51 |    73 |   125 |    82 ||   331
Dodge: Dodged            |    25 |    32 |    86 |    70 ||   213
Block: Shield            |    53 |    55 |   126 |   129 ||   363
